 Dungeon Crawl Stone Soup version 0.17.1-1-g73c8601 (webtiles) character file.

223 lucasterio the Cudgeler (level 5, -5/41 HPs)
             Began as a Demonspawn Berserker on Dec 19, 2015.
             Was an Elder of Trog.
             Slain by a killer bee (8 damage)
             ... on level 3 of the Dungeon.
             The game lasted 00:11:01 (3249 turns).

lucasterio the Cudgeler (Demonspawn Berserker)      Turns: 3249, Time: 00:11:01

Health: -5/41      AC: 12    Str: 18    XL:     5   Next: 66%
Magic:  5/5        EV: 10    Int:  8    God:    Trog [****..]
Gold:   102        SH:  0    Dex: 13    Spells: 0 memorised, 4 levels left

rFire  . . .     SeeInvis .     d - +0 flail (protect)
rCold  . . .     Clarity  .     g - +0 scale mail
rNeg   . . .     SustAt   .     (no shield)
rPois  .         Gourm    .     (no helmet)
rElec  .         Spirit   .     (no cloak)
rCorr  .         Warding  .     (no gloves)
rMut   .         Stasis   .     (no boots)
MR     .....                    (no amulet)
Stlth  ..........               (no ring)
                                (no ring)

@: lethally poisoned (-5 -> -23), not resistant to hostile enchantments,
extremely unstealthy
A: hooves 1, molten scales 1, powered by pain 1
a: Berserk, Trog's Hand, Brothers in Arms, Burn Spellbooks, Renounce Religion


You were on level 3 of the Dungeon.
You worshipped Trog.
Trog was greatly pleased with you.
You were not hungry.

You visited 1 branch of the dungeon, and saw 3 of its levels.
You also visited: Sewer.

You collected 102 gold pieces.

Inventory:

Hand Weapons
 a - a +1 mace
 d - a +0 flail of protection (weapon)
 p - a -2 flail
Missiles
 k - 2 javelins (quivered)
Armour
 g - a +0 scale mail (worn)
Jewellery
 t - an uncursed amulet of guardian spirit {unknown}
Scrolls
 b - a scroll of remove curse
 f - a scroll of identify {unknown}
 j - 2 scrolls of immolation {unknown}
 m - 2 scrolls of recharging {unknown}
 o - a scroll of amnesia {unknown}
Potions
 e - a potion of ambrosia {unknown}
 h - a potion of mutation {unknown}
 l - a potion of magic {unknown}
 n - 2 potions of curing {unknown}
 r - a potion of might {unknown}
 s - a potion of brilliance {unknown}
Comestibles
 c - 3 bread rations
 i - 7 chunks of flesh
 q - a meat ration


   Skills:
 - Level 3.0 Fighting
 * Level 5.0 Maces & Flails
 + Level 3.4 Armour
 - Level 1.7 Dodging


You had 4 spell levels left.
You didn't know any spells.

Dungeon Overview and Level Annotations

Branches:
Dungeon (3/15)

Altars:
Elyvilon
Ru

Annotations:
D:3 Sigmund


Innate Abilities, Weirdness & Mutations

You have large cloven feet.
You are partially covered in molten scales (AC +1).
You sometimes gain a little power by taking damage.


Message History

The killer bee stings you but does no damage.
The adder bites you but does no damage. The killer bee barely misses you.
The killer bee completely misses you. The killer bee closely misses you.
The adder bites you but does no damage. The killer bee stings you.
You are more poisoned.
The killer bee poisons you!
You feel sick. The killer bee stings you.
You are lethally poisoned!
The killer bee poisons you!
The killer bee stings you but does no damage. x2
You feel sick. The killer bee stings you.
* * * LOW HITPOINT WARNING * * *
The killer bee closely misses you. The killer bee stings you.
* * * LOW HITPOINT WARNING * * *
The killer bee barely misses you.
* * * LOW HITPOINT WARNING * * *
You feel sick. The killer bee barely misses you.
The killer bee closely misses you. x2
The killer bee stings you!
You die...

######........
##............$
#..............
#..............
#.......$......
#..............
#...S..........
##.Kyy.........
###@y..++.....
#.y..# .....
####....##.#...
#.......#......
#..............
#............
#.............
#....).........
#...........##..


You could see 4 killer bees, an adder and a kobold.

Vanquished Creatures
  A crimson imp (D:2)
  An orc wizard (D:3)
  5 adders
  A river rat (D:3)
  2 oozes
  A giant gecko (D:2)
  5 orcs (D:3)
  9 ball pythons
  6 bats
  7 giant cockroaches
  8 hobgoblins
  6 jackals (Sewer)
  13 kobolds
  A quokka (D:2)
  7 giant newts
  11 goblins
  10 rats
  A plant (Sewer)
95 creatures vanquished.

Notes
Turn   | Place    | Note
--------------------------------------------------------------
     0 | D:1      | lucasterio the Demonspawn Berserker began the quest for the Orb.
     0 | D:1      | Reached XP level 1. HP: 18/18 MP: 1/1
   347 | D:1      | Gained mutation: You are partially covered in molten scales (AC +1). [demonic ancestry]
   347 | D:1      | Reached XP level 2. HP: 24/24 MP: 2/2
   967 | D:2      | Gained mutation: You sometimes gain a little power by taking damage. [demonic ancestry]
   967 | D:2      | Reached XP level 3. HP: 25/29 MP: 3/3
  1027 | D:2      | Reached ** piety under Trog
  1524 | D:2      | Reached XP level 4. HP: 25/35 MP: 4/4
  1878 | D:2      | Reached skill level 4 in Maces & Flails
  1941 | D:3      | Noticed Sigmund
  2126 | D:3      | Found a glowing drain.
  2130 | D:3      | Reached *** piety under Trog
  2147 | D:3      | Gained mutation: You have large cloven feet. [demonic ancestry]
  2147 | D:3      | Reached XP level 5. HP: 17/41 MP: 5/5
  2157 | Sewer    | Entered a sewer
  3143 | D:3      | Found a white marble altar of Elyvilon.
  3160 | D:3      | Found a sacrificial altar of Ru.
  3174 | D:3      | Reached skill level 5 in Maces & Flails
  3213 | D:3      | Reached **** piety under Trog
  3249 | D:3      | Slain by a killer bee

Action                   |  1- 3 |  4- 6 || total
-------------------------+-------+-------++-------
Melee: Mace              |   175 |    67 ||   242
       Flail             |       |   158 ||   158
Throw: Javelin           |     1 |       ||     1
Invok: Berserk           |     1 |     2 ||     3
       Burn Spellbooks   |       |     1 ||     1
  Use: Scroll            |       |     2 ||     2
  Eat: Chunk             |     3 |     7 ||    10
       Pizza             |       |     1 ||     1
